 Dungeon Crawl Stone Soup version 0.27-a0-1242-ge70438ac7b (webtiles) character file.

Game seed: 17812145747419390875

54 Froggeryz the Chiller (level 3, -4/26 HPs)
             Began as a Demigod Ice Elementalist on June 9, 2021.
             Slain by a gnoll
             ... wielding a +0 halberd
              (8 damage)
             ... on level 2 of the Dungeon.
             The game lasted 00:02:12 (2412 turns).

Froggeryz the Chiller (Demigod Ice Elementalist)    Turns: 2412, Time: 00:02:13

Health: -4/26      AC:  7    Str:  9    XL:     3   Next: 44%
Magic:  5/8        EV: 12    Int: 21    God:
Gold:   29         SH:  0    Dex: 14    Spells: 4/5 levels left

rFire    . . .     SeeInvis .   b - +0 short sword
rCold    . . .     Faith    .   (no shield)
rNeg     . . .     Spirit   .   a - +0 robe
rPois    .         Reflect  .   (no helmet)
rElec    .         Harm     .   (no cloak)
rCorr    .         Rampage  .   (no gloves)
Will     +....                  i - +0 pair of boots
Stlth    ++........             (no amulet)
HPRegen  0.08/turn              c - ring of willpower
MPRegen  0.11/turn              k - +4 ring of protection

@: no status effects
A: high mp 1, forlorn
a: no special abilities


You were on level 2 of the Dungeon.
You visited 1 branch of the dungeon, and saw 2 of its levels.

You collected 29 gold pieces.

Inventory:

Hand Weapons
 b - a +0 short sword (weapon)
Armour
 a - a +0 robe (worn)
 i - a +0 pair of boots (worn)
Jewellery
 c - a ring of willpower (left hand)
 k - a +4 ring of protection (right hand)
Scrolls
 e - a scroll of summoning {unknown}
 g - a scroll of holy word {unknown}
 h - a scroll of identify {unknown}
 j - a scroll of amnesia {unknown}
Potions
 d - a potion of curing {unknown}
 f - a potion of flight {unknown}


   Skills:
 - Level 1.7 Dodging
 - Level 1.7 Stealth
 - Level 1.7 Spellcasting
 * Level 4.9 Ice Magic


You had 4 spell levels left.
You knew the following spells:

 Your Spells              Type           Power      Damage    Failure   Level
a - Freeze                Ice            88%        1d10      1%          1

Your spell library contained the following spells:

 Spells                   Type           Power      Damage    Failure   Level
 Frozen Ramparts          Ice            44%        1d6       6%          3
 Ozocubu's Armour         Ice            22%        N/A       6%          3
 Hailstorm                Conj/Ice       12%        3d5       47%         4
 Metabolic Englaciation   Hex/Ice        6%         N/A       83%         5


Dungeon Overview and Level Annotations

Branches:
Dungeon (2/15)


Innate Abilities, Weirdness & Mutations

Your attributes grow dramatically as you level up.
You have an increased reservoir of magic. (+10% MP)
You shall have no god before yourself.


Message History

Things that are here:
a stone; a +0 club; a kobold skeleton A gnoll is nearby!
A gnoll comes into view. It is wielding a +0 spear.
The gnoll hits you with a +0 halberd!
You see here a quokka skeleton.
The gnoll shouts!
You hit the gnoll.
The gnoll is moderately wounded.
The gnoll throws a stone.
The stone hits you. The gnoll hits you with a +0 halberd.
You are too injured to fight recklessly!
You are too injured to fight recklessly!
Casting: Freeze (safe; 1% risk of failure)
Confirm with . or Enter, or press ? or * to list all spells.
Aiming: Freeze (safe; 1% risk of failure)
Press: ? - help, Shift-Dir - straight line, f - gnoll
Aim: a gnoll, wielding a +0 halberd and wearing an amulet of faith (moderately wounded)
You freeze the gnoll.
The gnoll is heavily wounded.
The gnoll closely misses you.
Casting: Freeze (safe; 1% risk of failure)
Confirm with . or Enter, or press ? or * to list all spells.
Aiming: Freeze (safe; 1% risk of failure)
Press: ? - help, Shift-Dir - straight line, f/p - gnoll
Aim: a gnoll, wielding a +0 halberd and wearing an amulet of faith (heavily wounded)
You freeze the gnoll.
The gnoll is almost dead.
The gnoll hits you with a +0 halberd.
* * * LOW HITPOINT WARNING * * *
The gnoll throws a stone.
The stone hits you but does no damage.
Casting: Freeze (safe; 1% risk of failure)
Confirm with . or Enter, or press ? or * to list all spells.
Aiming: Freeze (safe; 1% risk of failure)
Press: ? - help, Shift-Dir - straight line, f/p - gnoll
Aim: a gnoll, wielding a +0 halberd and wearing an amulet of faith (almost dead)
You freeze the gnoll.
The gnoll is almost dead.
The gnoll hits you with a +0 halberd!
You die...

#.#.###.#######...# #....
#....##..........†####....
#...................###.##
#........####.......g...#
#..####[## #.......#####
#.. #(# ###...### #..
#.#######...# #..
#.##...g.#.## #..
#..@)..#...# ####g....###
##.#$## #.#.# #...# ..###
..#


You could see 2 gnolls.

Vanquished Creatures
  A gnoll (D:2)
  3 bats
  4 endoplasms
  3 giant cockroaches (D:1)
  A goblin (D:1)
  6 hobgoblins
  5 jackals (D:2)
  5 kobolds
  4 quokkas
  4 ball pythons
  2 frilled lizards
38 creatures vanquished.

Notes
Turn   | Place    | Note
-------+----------+-------------------------------------------
     0 | D:1      | Froggeryz the Demigod Ice Elementalist began the quest for
                  | the Orb.
     0 | D:1      | Reached XP level 1. HP: 14/14 MP: 5/5
   414 | D:1      | Reached skill level 4 in Ice Magic
   895 | D:1      | Reached XP level 2. HP: 15/20 MP: 2/7
  1927 | D:2      | Reached XP level 3. HP: 26/26 MP: 4/8
  2412 | D:2      | Slain by a gnoll

Illustrated notes

Levels and vault maps discovered:
D:1:      psy_arrival_radial01, layout_loops_ring, st_stairs_4
D:2:      layout_loops_ring, basic_altar, hellmonk_ecumenical_altar_blasted,
          minmay_misc_feat_hallway, minmay_tetromino_o4, uniq_robin

Skill      XL: |  1 |
---------------+----+-----
Ice Magic      | 4 |  4.9
Dodging        | |  1.7
Stealth        | |  1.7
Spellcasting   | |  1.7

Action                   || total
-------------------------++-------
Melee: Short sword       ||    22
       Unarmed           ||     1
 Cast: Freeze            ||    63
 Stab: Sleeping          ||     1
Armor: Robe              ||    13
Dodge: Dodged            ||    38

Table legend: (Time is in decaauts)
 A = Elapsed time spent in this place.
 B = Non-inter-level travel time spent in this place.
 C = Inter-level travel time spent in this place.
 D = Time resting spent in this place.
 E = Time spent auto-exploring this place.
 F = Levels seen in this place.
 G = Mean time per level.
                   A        B        C        D        E       F      G
               +--------+--------+--------+--------+--------+-----+--------+
         Total |   2413 |   2389 |     24 |    368 |   1760 |   2 | 1206.5 |
       Dungeon |   2413 |   2389 |     24 |    368 |   1760 |   2 | 1206.5 |
               +--------+--------+--------+--------+--------+-----+--------+

Top non-repeatable levels by time:
     D:1: 1926 daAuts
     D:2: 486 daAuts
